 Dungeon Crawl Stone Soup version 0.32-a0-933-ga8fa363 (webtiles) character file.

Game seed: 16849426252439890298

637841 bignoob the Petrodigitator (level 27, -4/209 HPs)
             Began as a Djinni Conjurer on Apr 14, 2024.
             Was the Champion of Makhleb.
             Killed by arc of chain lightning (8 damage)
             ... on level 17 of a ziggurat.
             The game lasted 02:31:05 (25238 turns).

bignoob the Petrodigitator (Djinni Conjurer)       Turns: 25238, Time: 02:31:06

Health: -4/209     AC: 33    Str:  6    XL:     27
Gold:   5255       EV:  9    Int: 55    God:    Makhleb [******] SH:  8 Dex: 12

rFire   + + .        B - staff "Rirghyvu" {rN+ Will- Int+6 Stlth+ Hexes Necro}
rCold   + . .        M - +3 buckler {reflect}
rNeg    + + +        a - +3 pearl dragon scales of Xuuzorui {rElec rN+ Regen+ Dex+3}
rPois   ∞            O - +2 helmet "Ihumi" {Rampage rC+}
rElec   +            N - +1 cloak "Utetyoq" {Int+5 Dex-4 Stlth+}
rCorr   .            Q - +2 pair of gloves of the Wumpus {rN+++ Int+2 Dex-5}
SInv    .            (boots unavailable)
Will    +....        l - amulet of regeneration
Stlth   ++           p - ring "Cietzios" {rC+ Int+6 Dex+2}
HPRegen 2.14/turn    T - ring of the Hart {MP+14 Int+6 Slay+3}

%: reflection, rampage, infuse magic (-5 HP)
@: flying, slowed, studying Earth Magic, very slow
A: sickness immunity, fire resistance 2, cold vulnerability 1, float, innate
caster, HP casting, extra vitality 1, iridescent scales 2
}: 3/15 runes: decaying, silver, gossamer
a: Renounce Religion, Minor Destruction, Lesser Servant of Makhleb, Major
Destruction, Greater Servant of Makhleb


You were on level 17 of a ziggurat.
You worshipped Makhleb.
Makhleb was exalted by your worship.
You visited 8 branches of the dungeon, and saw 42 of its levels.
You visited 1 ziggurat, and saw 17 of its levels.
You also visited: Wizlab.

You collected 9718 gold pieces.
You spent 4463 gold pieces at shops.

Inventory:

Missiles
 I - 3 throwing nets
Armour
 a - the +3 pearl dragon scales of Xuuzorui (worn) {rElec rN+ Regen+ Dex+3}
   (You found it on level 3 of the Elven Halls)

   Dex+3:     It affects your dexterity (+3).
   rElec:     It insulates you from electricity.
   rN+:       It protects you from negative energy.
   Regen+:    It increases your rate of health regeneration.
 M - a +3 buckler of reflection (worn)
 N - the +1 cloak "Utetyoq" (worn) {Int+5 Dex-4 Stlth+}
   (You found it on level 2 of the Lair of Beasts)

   Int+5:     It affects your intelligence (+5).
   Dex-4:     It affects your dexterity (-4).
   Stlth+:    It makes you more stealthy.
 O - the +2 helmet "Ihumi" (worn) {Rampage rC+}
   (You found it on level 4 of the Lair of Beasts)

   rC+:       It protects you from cold.
   Rampage:   It bestows one free step when moving towards enemies.
 Q - the +2 pair of gloves of the Wumpus (worn) {rN+++ Int+2 Dex-5}
   (You found it on level 1 of the Elven Halls)

   Int+2:     It affects your intelligence (+2).
   Dex-5:     It affects your dexterity (-5).
   rN+++:     It renders you almost immune to negative energy.
Magical Staves
 t - a staff of conjuration
 B - the staff "Rirghyvu" (weapon) {rN+ Will- Int+6 Stlth+ Hexes Necro}
   (You found it on level 10 of a ziggurat)

   [staff of death]

   Base accuracy: +5 Base damage: 5 Base attack delay: 1.2 This weapon's minimum
   attack delay (0.6) is reached at skill level 12.
   Int+6:     It affects your intelligence (+6).
   rN+:       It protects you from negative energy.
   Will-:     It decreases your willpower.
   Stlth+:    It makes you more stealthy.
   Hexes:     It increases the power of your Hexes spells.
   Necro:     It increases the power of your Necromancy spells.
   It falls into the 'Staves' category.
   It is a one-handed weapon.
 H - the staff of Rari {rN+ Int+3 Necro}
   (You found it on level 1 of the Elven Halls)

   [staff of death]

   Base accuracy: +5 Base damage: 5 Base attack delay: 1.2 This weapon's minimum
   attack delay (0.6) is reached at skill level 12.
   Int+3:     It affects your intelligence (+3).
   rN+:       It protects you from negative energy.
   Necro:     It increases the power of your Necromancy spells.
   It falls into the 'Staves' category.
   It is a one-handed weapon.
 S - the staff "Secoab" {rN+ Earth Alchemy}
   (You found it on level 9 of a ziggurat)

   [staff of earth]

   Base accuracy: +5 Base damage: 5 Base attack delay: 1.2 This weapon's minimum
   attack delay (0.6) is reached at skill level 12.
   rN+:       It protects you from negative energy.
   Earth:     It increases the power of your Earth spells.
   Alchemy:   It increases the power of your Alchemy spells.
   It falls into the 'Staves' category.
   It is a one-handed weapon.
Jewellery
 l - an amulet of regeneration (around neck)
 p - the ring "Cietzios" (left hand) {rC+ Int+6 Dex+2}
   (You took it off a vault warden on level 5 of the Vaults)

   [ring of intelligence]

   Int+6:     It affects your intelligence (+6).
   Dex+2:     It affects your dexterity (+2).
   rC+:       It protects you from cold.
 T - the ring of the Hart (right hand) {MP+14 Int+6 Slay+3}
   (You bought it in a shop on level 1 of the Depths)

   [ring of intelligence]

   Int+6:     It affects your intelligence (+6).
   Slay+3:    It affects your accuracy & damage with ranged weapons and melee
   (+3).
   MP+14:     It affects your magic capacity (+14).
 X - the ring of the Ten Runes {rCorr SInv}
   (You took it off a deep elf master archer on level 3 of the Elven Halls)

   [ring of resist corrosion]

   SInv:      It lets you see invisible.
   rCorr:     It protects you from acid and corrosion.
Talismans
 F - a talisman of death
Wands
 c - a wand of roots (69)
 m - a wand of charming (47)
 w - a wand of acid (42)
 x - a wand of flame (61)
 y - a wand of polymorph (21)
 G - a wand of digging (45)
 R - a wand of mindburst (29)
Scrolls
 b - 2 scrolls of silence
 d - 10 scrolls of fog
 f - 28 scrolls of teleportation
 h - 5 scrolls of summoning
 k - 13 scrolls of poison
 n - 7 scrolls of noise
 o - 2 scrolls of enchant weapon
 u - 8 scrolls of fear
 v - 9 scrolls of vulnerability
 A - 8 scrolls of blinking
 J - 6 scrolls of immolation
 P - 7 scrolls of revelation
 U - 8 scrolls of enchant armour
 W - 5 scrolls of torment
Potions
 e - 23 potions of curing
 g - 5 potions of brilliance
 i - 6 potions of invisibility
 j - 7 potions of resistance
 r - 9 potions of might
 s - 8 potions of haste
 z - 10 potions of lignification
 C - 10 potions of enlightenment
 D - a potion of berserk rage
 E - 8 potions of attraction
 K - 9 potions of ambrosia
 Y - 24 potions of mutation
 Z - a potion of cancellation
Miscellaneous
 q - a phantom mirror
 L - a phial of floods
 V - a lightning rod (4/4)


   Skills:
 - Level 21.0 Fighting
 - Level 15.0 Armour
 + Level 20.1 Dodging
 - Level 1.5 Stealth
 - Level 8.0 Shields
 O Level 27 Spellcasting
 O Level 27 Conjurations
 O Level 27 Hexes
   Level 0.0 Charms
 O Level 27 Summonings
 O Level 27 Necromancy
 O Level 27 Translocations
   Level 0.0 Transmutations
 O Level 27 Fire Magic
 O Level 27 Ice Magic
 O Level 27 Air Magic
 O Level 27 Earth Magic
 O Level 27 Alchemy


You knew the following spells:

 Your Spells              Type           Power      Damage    Failure   Level
a - Magic Dart            Conj           100%       1d8       0%          1
b - Searing Ray           Conj           100%       2d8       0%          2
c - Fulminant Prism       Conj/Alch      76%        3d31      0%          4
d - Iskenderun's Mystic   Conj/Tloc      100%       2d19      (+2d10%     4
e - Slow                  Hex            100%       N/A       0%          1
f - Lesser Beckoning      Tloc           100%       N/A       0%          2
g - Tukima's Dance        Hex            100%       N/A       0%          3
h - Brom's Barrelling Bo  Conj/Erth      100%       2d11      0%          4
i - Dispel Undead         Necr           100%       3d31      0%          4
j - Metabolic Englaciati  Hex/Ice        90%        N/A       0%          5
k - Gell's Gavotte        Tloc           76%        2d(45-68) 0%          6
l - Plasma Beam           Fire/Air       76%        2x1d94    0%          6
m - Eringya's Noxious Bo  Alch           76%        4d6       0%          6
n - Orb of Destruction    Conj           76%        9d17      1%          7
o - Haunt                 Necr/Summ      90%        N/A       1%          7
p - Death's Door          Necr           90%        N/A       2%          9
q - Chain Lightning       Conj/Air       76%        3d102     2%          9
Your spell library was empty.

Dungeon Overview and Level Annotations

Branches:
Dungeon (15/15)            Temple (0/1) D:7            Lair (5/5) D:10
  Swamp (4/4) Lair:3       Spider (4/4) Lair:3        Slime (0/5) Lair:4
    Orc (2/2) D:9             Elf (3/3) Orc:2        Vaults (5/5) D:14
  Crypt (0/3) Vaults:2     Depths (4/4) D:15            Zot (0/5) Depths:4
 WizLab (visited)

Altars:
Cheibriados
Dithmenos
Elyvilon
Gozag
Makhleb
Okawaru
Qazlal
Ru
Trog
Uskayaw
Xom
Beogh

Shops:
D:5 =   D:11 !!(   D:13 *   Orc:2 (![*   Elf:1 *[![[   Elf:3 (   Vaults:2 [
Vaults:4 :***:   Vaults:5 :   Depths:1 =   Depths:2 ([*

Portals:
Hell: Depths:1 Depths:2 Depths:3 Depths:4
Abyss: Depths:2 Depths:3 Depths:4
Pandemonium: Depths:1 Depths:4

Annotations:
Elf:2 2 transporters, rotlqkf's ghost, adept DECj
Depths:1 1 transporter


Innate Abilities, Weirdness & Mutations

You are immune to sickness and miasma.
You are immune to poison.
Your flesh is very heat resistant. (rF++)
You are vulnerable to cold. (rC-)
You float through the air rather than walking.
You learn spells naturally, not from books.
Your magical power is your life essence.
You have superior vitality. (+4 MHP)
You are mostly covered in iridescent scales. (AC +4)


Message History

You are engulfed in negative energy!
You resist.
The bennu blazes out!
The pyre of ghostly fire engulfs you but does no damage.
You resist.
The pyre of ghostly fire engulfs the bennu.
The bennu completely resists.
The pyre of ghostly fire engulfs the royal mummy.
The royal mummy completely resists.
You feel extremely nervous for a moment...
Pain shoots through your body!
* * * LOW HITPOINT WARNING * * *
The royal mummy calls on the powers of darkness!
The bennu convulses!
Your body is wracked with pain!
* * * LOW HITPOINT WARNING * * *
The royal mummy mumbles some strange words.
A mummy priest comes into view.
A mummy comes into view.
The death scarab bites you!!
* * * LOW HITPOINT WARNING * * *
The death scarab drains your vigour!
You feel as though you will be slow longer.
The royal mummy points at you and mumbles some strange words.
Something smites you!
* * * LOW HITPOINT WARNING * * *
You feel your dexterity returning.
Training target 21.0 for Fighting reached!
Your Fighting skill increases to level 21!
You need to enable at least one skill for training.
Okay, then.
Okay, then.
Casting: Plasma Beam (safe; 0% risk of failure)
Press: ? - help, Q - select action, (/) - cycle Dir - look around, f - activate
Okay, then.
Casting: Plasma Beam (safe; 0% risk of failure)
Confirm with . or Enter, or press ? or * to list all spells.
Lightning arcs from your hands!
The bolt of lightning hits the death scarab!!!!
You destroy the death scarab!
The death scarab's corpse disappears in a puff of smoke!
The bolt of lightning hits you! You resist.
You die...

▓▓▓▓▓▓▓▓▓▓▓▓▓
▓▓...........▓▓
▓▓.............▓▓
▓▓..≈≈≈.....§≈≈..▓
▓▓...≈ß≈...†.≈ߧ...
▓▓....≈≈≈...@.§§§9..
▓▓...........§§MZM§Z)
▓▓.............§.§M§.)
▓.∩..........b.....B.:
▓▓...............§.ZBM
▓▓.....§§§........M.M
▓▓....§≈§.....≈≈≈ZMM
▓▓...≈ߧ§....≈ß≈†M.
▓..≈≈≈.


You could see 3 royal mummies, a bennu, 2 mummy priests, a guardian mummy, 2
death scarabs, 3 mummies, a caustic shrike zombie, a caustic shrike skeleton and
a juggernaut skeleton.

Vanquished Creatures
  The ghost of Tibbeudu the Wishgranter, a legendary DjCj of Makhleb (Zig:13)
  An ancient lich (Vaults:5)
  A dread lich (Zig:5)
  The ghost of Tanach the Coglin Blade, a legendary CoCK of Okawaru (Zig:13)
  A royal mummy (Zig:17)
  2 pandemonium lords
  A shard shrike (Zig:6)
  Boris (Depths:3)
  5 Killer Klowns (Zig:10)
  2 curse toes (Zig:13)
  2 caustic shrikes (Depths:2)
  4 golden dragons
  A profane servitor (Zig:8)
  Arachne (Spider:4)
  Norris (Vaults:3)
  A Brimstone Fiend (Zig:11)
  A mutant beast (WizLab)
  2 tentacled monstrosities (Vaults:5)
  4 Ice Fiends
  Jorgrun (Elf:1)
  3 titans
  A lich (Zig:8)
  A walking earthen tome (Depths:3)
  2 walking frostbound tomes
  6 deep elf blademasters
  5 acid blobs
  5 sphinxes
  5 deep elf master archers
  8 tengu reavers
  A tentacled starspawn (Zig:8)
  2 storm dragons (Vaults:5)
  3 thorn hunters
  Agnes (Spider:1)
  Aizul (Vaults:1)
  9 shadow dragons
  7 nagarajas (Zig:14)
  A revenant (Zig:13)
  A fenstrider witch (shapeshifter) (Zig:10)
  A fenstrider witch (Swamp:2)
  4 narguns
  4 deep elf sorcerers
  A draconian knight (Depths:4)
  2 demonspawn warmongers (Zig:11)
  5 rockslimes
  3 balrugs
  5 fire giants
  4 azure jellies
  7 frost giants
  A draconian shifter (Depths:4)
  19 vault wardens
  4 emperor scorpions
  A caustic shrike zombie (Depths:2)
  6 ghost moths
  4 deep elf elementalists
  6 orc warlords
  A cacodemon (Depths:4)
  A curse skull (Zig:13)
  14 stone giants
  3 quicksilver oozes
  8 very ugly things
  A demonspawn corrupter (Zig:11)
  2 broodmothers (Spider:4)
  19 ironbound preservers
  3 formless jellyfish
  6 ironbound thunderhulks
  3 spriggan defenders (Depths:2)
  A stone giant (shapeshifter) (Zig:10)
  8 vampire knights
  A demonspawn black sun (Zig:13)
  2 deep elf demonologists
  7 deep elf death magi
  Nessos (Lair:5)
  3 green draconians (Depths:4)
  A bennu (Zig:17)
  10 dire elephants
  2 lorocyprocas (Zig:11)
  25 spark wasps
  Azrael (Elf:1)
  A black draconian (Depths:4)
  4 war gargoyles
  5 bunyips (Swamp:4)
  The ghost of Etrinav the Mimic, a journeyman DrSh of Wu Jian (D:11)
  10 deep elf annihilators
  2 purple draconians (Depths:4)
  6 wendigos (Zig:12)
  8 eidola
  4 fire dragons
  Snorg (D:12)
  A green death (Zig:11)
  13 ettins
  3 blizzard demons
  3 mummy priests (Zig:17)
  Josephine (Lair:5)
  5 entropy weavers
  30 vault guards
  15 yaktaur captains
  4 ice dragons
  3 great orbs of eyes
  A hell beast (Zig:11)
  5 rakshasas
  4 spriggan air magi
  9 deep elf high priests
  2 peacekeepers
  21 hydras
  2 ogre magi
  12 centaur warriors
  4 salamander tyrants (Zig:14)
  13 radroaches
  A sphinx zombie (D:15)
  A jorogumo (Spider:3)
  An anaconda (shapeshifter) (WizLab)
  6 alligators
  An alligator (shapeshifter) (Zig:10)
  2 catoblepae
  An alligator snapping turtle (shapeshifter) (Zig:10)
  A spriggan skeleton (Zig:17)
  5 boulder beetles
  16 dancing weapons
  8 ironbound frosthearts
  2 two-headed ogres (shapeshifter)
  7 two-headed ogres
  9 demonic crawlers
  11 tengu warriors
  A hell hog (Zig:11)
  4 deep troll earth magi
  5 death yaks (Lair:4)
  4 death scarabs (Zig:17)
  A shock serpent (Zig:14)
  2 occultists (Depths:2)
  8 deep troll shamans
  7 orc high priests
  3 spriggan berserkers
  A thrashing horror (Zig:8)
  5 hell knights
  7 spriggans
  2 naga warriors (Zig:14)
  12 deep elf knights
  2 naga sharpshooters (Zig:14)
  6 sun demons
  A sea snake (shapeshifter) (WizLab)
  3 soul eaters
  11 iron trolls
  6 pharaoh ants
  A quicksilver dragon simulacrum (Vaults:4)
  8 skysharks
  2 sixfirhies
  19 deep elf archers
  2 spriggan druids
  7 skeletal warriors
  A salamander mystic (Zig:14)
  2 death drakes (shapeshifter) (WizLab)
  5 sun moths
  8 orb spiders
  10 arcanists
  4 glowing orange brains
  7 goliath frogs
  A mana viper (shapeshifter) (WizLab)
  A glowing orange brain (shapeshifter) (WizLab)
  A deep troll (shapeshifter) (WizLab)
  8 swamp dragons
  2 flayed ghosts
  7 bog bodies
  A sun moth (shapeshifter) (Vaults:5)
  63 deep trolls
  A steelbarb worm (shapeshifter) (WizLab)
  3 obsidian statues
  2 orange crystal statues
  3 steelbarb worms
  4 necromancers
  14 orc knights
  A thermic dynamo (Elf:1)
  A lindwurm (shapeshifter) (WizLab)
  A golden dragon skeleton (Depths:2)
  5 phantasmal warriors
  An obsidian bat (Orc:2)
  16 ironbound convokers
  10 lindwurms
  A harpy (Vaults:1)
  28 deep elf zephyrmancers
  20 wolf spiders
  4 will-o-the-wisps
  26 deep elf pyromancers
  An orb spider (shapeshifter) (WizLab)
  36 ugly things
  5 orc sorcerers (Orc:2)
  2 shining eyes (shapeshifter) (WizLab)
  A fire giant zombie (Vaults:4)
  4 oklob plants (D:12)
  A manticore (shapeshifter) (WizLab)
  3 shining eyes
  4 cyclopes (D:12)
  A faun (shapeshifter) (WizLab)
  3 manticores
  A stone giant zombie (Vaults:4)
  A salamander (Depths:3)
  10 elephants
  5 moths of wrath
  2 guardian serpents (Zig:14)
  3 meliai
  2 apocalypse crabs (Zig:10)
  A moth of wrath (shapeshifter) (Zig:16)
  3 torpor snails
  5 black mambas (Zig:14)
  An ice statue (Zig:2)
  2 rust devils (D:15)
  15 vault sentinels
  An eye of devastation (Zig:15)
  3 orange demons
  15 cane toads
  5 naga magi (Zig:14)
  9 large abominations
  5 smoke demons
  3 kobold demonologists
  2 unseen horrors
  2 rime drakes
  Jeremiah (D:8)
  10 komodo dragons
  2 freezing wraiths (D:11)
  46 yaktaurs
  2 efreet
  An ice devil (D:15)
  An ancient zyme (Zig:8)
  10 guardian mummies (Zig:17)
  2 tengu conjurers
  11 tyrant leeches
  2 red devils (D:15)
  5 trolls
  A bloated husk (Swamp:4)
  A polar bear (Lair:1)
  4 hellwings
  2 wind drakes (shapeshifter)
  A tarantella (shapeshifter) (WizLab)
  24 jumping spiders
  6 hornets
  37 blink frogs
  A frost giant simulacrum (Depths:2)
  A jumping spider (shapeshifter) (Vaults:5)
  A raiju (Zig:8)
  5 dream sheep (Lair:3)
  21 tarantellas
  A human simulacrum (Vaults:4)
  13 glass eyes
  A spriggan zombie (D:15)
  20 slime creatures
  A slime creature (shapeshifter) (WizLab)
  A snapping turtle (shapeshifter) (WizLab)
  A water elemental (Zig:16)
  A shadow (D:11)
  4 wyverns
  3 vampires (Vaults:2)
  37 yaks
  6 wraiths
  11 culicivoras
  A ynoxinul (Depths:4)
  2 air elementals (Zig:16)
  5 starcursed masses (Zig:8)
  A wyvern (shapeshifter) (D:13)
  Eustachio (D:4)
  6 basilisks
  8 wargs
  2 golden eyes
  A golden eye (shapeshifter) (Vaults:5)
  4 fire elementals
  A steam dragon (D:8)
  5 chaos spawn
  2 nagas (Zig:14)
  31 redbacks
  2 neqoxecs
  13 vampire mosquitoes
  6 small abominations (WizLab)
  Menkaure (D:5)
  3 swamp worms (shapeshifter)
  An acid dragon (D:14)
  A naga (shapeshifter) (Elf:2)
  6 swamp worms
  10 water moccasins
  5 hell hounds (Elf:1)
  Duvessa (D:7)
  A glowing shapeshifter skeleton (Vaults:4)
  10 swamp drakes (Swamp:4)
  3 ice beasts
  49 orc warriors
  2 black bears (shapeshifter) (Vaults:5)
  2 black bears
  A spriggan simulacrum (Zig:6)
  2 sky beasts
  4 laughing skulls (D:13)
  18 ogres
  8 centaurs
  3 boggarts (D:15)
  9 wolves
  A phantom (D:7)
  18 bullfrogs
  Blork the orc (D:4)
  4 earth elementals
  A gnoll sergeant (D:9)
  5 scorpions
  5 wights (D:8)
  Dowan (D:7)
  7 killer bees
  4 electric eels
  A howler monkey (shapeshifter) (Elf:1)
  5 crimson imps
  2 bombardier beetles (D:5)
  2 jellies
  26 orc priests
  A gnoll bouda (D:8)
  3 hounds
  A sleepcap (D:6)
  6 iguanas
  16 orc wizards
  8 mummies (Zig:17)
  10 gnolls
  2 adders (D:5)
  2 white imps
  2 ufetubi (D:6)
  A ribbon worm (D:2)
  A dart slug (D:1)
  91 orcs
  7 ball pythons
  3 bats
  An endoplasm (D:4)
  A giant cockroach (D:3)
  2 hobgoblins
  3 jackals (D:2)
  3 quokkas
  A frilled lizard (D:1)
  7 goblins
  8 kobolds
1902 creatures vanquished.

Vanquished Creatures (collateral kills)
  A titan (Vaults:5)
  A shadow dragon (Vaults:5)
  An ettin (Vaults:3)
  3 two-headed ogres
  Sonja (Orc:1)
  2 orc knights
  Joseph (D:10)
  Maggie (D:10)
  A yaktaur (Vaults:5)
  A wyvern (D:11)
  An iron golem (WizLab)
  A yak (D:10)
  An orc warrior (Orc:1)
  An ogre (Orc:2)
  An orc priest (D:9)
  An orc wizard (D:9)
  2 orcs
21 creatures vanquished.

Vanquished Creatures (others)
  A shadow dragon (Zig:8)
  A demonspawn blood saint (Zig:4)
  A spark wasp (Depths:4)
  A yaktaur captain (Vaults:4)
  A dancing weapon (D:10)
  A troll (D:12)
  A bloated husk (Swamp:4)
  A neqoxec (Zig:4)
  A boggart (D:15)
  An orc priest (Orc:2)
  8 foxfires
  47 fulminant prisms
65 creatures vanquished.

Grand Total: 1988 creatures vanquished

Notes
Turn   | Place    | Note
-------+----------+-------------------------------------------
     0 | D:1      | bignoob the Djinni Conjurer began the quest for the Orb.
     0 | D:1      | bignoob set off with the following spells memorised: Magic
                  | Dart, Searing Ray, Fulminant Prism, Iskenderun's Mystic
                  | Blast.
     0 | D:1      | Reached XP level 1. HP: 15/15 MP: 0/0
    33 | D:1      | Reached XP level 2. HP: 17/21 MP: 0/0
   162 | D:2      | Found a white marble altar of Elyvilon.
   204 | D:2      | Reached XP level 3. HP: 13/25 MP: 0/0
   204 | D:2      | Learned a level 1 spell: Slow
   484 | D:2      | You are sucked into a shaft and drop 1 floor!
   506 | D:3      | Found a snail-covered altar of Cheibriados.
   835 | D:4      | Reached XP level 4. HP: 24/31 MP: 0/0
   907 | D:4      | Found a stormy altar of Qazlal.
   907 | D:4      | Found a sacrificial altar of Ru.
   987 | D:4      | Noticed a scorpion
   993 | D:4      | Killed a scorpion
   994 | D:4      | Reached skill level 5 in Spellcasting
   994 | D:4      | Reached skill level 5 in Conjurations
   994 | D:4      | Reached skill level 5 in Hexes
   994 | D:4      | Reached skill level 5 in Summonings
   994 | D:4      | Reached skill level 5 in Necromancy
   994 | D:4      | Reached skill level 5 in Translocations
   994 | D:4      | Reached skill level 5 in Fire Magic
   994 | D:4      | Reached skill level 5 in Ice Magic
   994 | D:4      | Reached skill level 5 in Air Magic
   994 | D:4      | Reached skill level 5 in Earth Magic
   994 | D:4      | Reached skill level 5 in Alchemy
   994 | D:4      | Reached XP level 5. HP: 34/35 MP: 0/0
   994 | D:4      | Learned a level 2 spell: Lesser Beckoning
  1002 | D:4      | Noticed Eustachio
  1006 | D:4      | Reached XP level 6. HP: 39/40 MP: 0/0
  1007 | D:4      | Noticed Blork the orc
  1013 | D:4      | Killed Blork the orc
  1019 | D:4      | Killed Eustachio
  1020 | D:4      | Reached XP level 7. HP: 39/45 MP: 0/0
  1020 | D:4      | Learned a level 3 spell: Tukima's Dance
  1313 | D:5      | Entered Level 5 of the Dungeon
  1539 | D:5      | Found an opulent altar of Gozag.
  1634 | D:5      | Found Ximuttats's Jewellery Shoppe.
  1640 | D:5      | Noticed Menkaure
  1647 | D:5      | Killed Menkaure
  1648 | D:5      | Reached XP level 8. HP: 25/50 MP: 0/0
  1982 | D:6      | Found a burning altar of Makhleb.
  1992 | D:6      | Became a worshipper of Makhleb the Destroyer
  2114 | D:6      | Noticed a +0 falchion
  2115 | D:6      | Noticed a +0 spear
  2115 | D:6      | Noticed a +0 short sword
  2115 | D:6      | Noticed a +0 dagger
  2116 | D:6      | Noticed a +0 spear
  2116 | D:6      | Noticed a +0 short sword
  2117 | D:6      | Noticed a +0 falchion
  2118 | D:6      | Noticed a +0 dagger
  2119 | D:6      | Found a hide-covered altar of Uskayaw.
  2184 | D:6      | Found an iron altar of Okawaru.
  2314 | D:7      | Noticed Duvessa
  2314 | D:7      | Noticed Dowan
  2323 | D:7      | Killed Duvessa
  2323 | D:7      | Killed Dowan
  2324 | D:7      | Reached XP level 9. HP: 20/55 MP: 0/0
  2324 | D:7      | Learned a level 4 spell: Brom's Barrelling Boulder
  2359 | D:7      | Found a staircase to the Ecumenical Temple.
  2653 | D:7      | Reached skill level 10 in Spellcasting
  2653 | D:7      | Reached skill level 10 in Conjurations
  2653 | D:7      | Reached skill level 10 in Hexes
  2653 | D:7      | Reached skill level 10 in Summonings
  2653 | D:7      | Reached skill level 10 in Necromancy
  2653 | D:7      | Reached skill level 10 in Translocations
  2653 | D:7      | Reached skill level 10 in Fire Magic
  2653 | D:7      | Reached skill level 10 in Ice Magic
  2653 | D:7      | Reached skill level 10 in Air Magic
  2653 | D:7      | Reached skill level 10 in Earth Magic
  2653 | D:7      | Reached skill level 10 in Alchemy
  3041 | D:8      | Reached * piety under Makhleb
  3178 | D:8      | Noticed a two-headed ogre
  3184 | D:8      | Killed a two-headed ogre
  3185 | D:8      | Reached XP level 10. HP: 58/60 MP: 0/0
  3334 | D:8      | Noticed Jeremiah
  3377 | D:8      | HP: 3/60 [Jeremiah/divine providence (17)]
  3378 | D:8      | Killed Jeremiah
  3458 | D:8      | Identified the +2 ring mail "Rinuy" {rF- Regen+ MP+9 Int-3
                  | Dex+8}
  3663 | D:9      | Identified the +8 falchion "Acoahior" {freeze, Int+2}
  3738 | D:9      | Reached ** piety under Makhleb
  3747 | D:9      | Found a staircase to the Orcish Mines.
  3958 | D:9      | Identified the +0 scale mail "Guwn" {Int+4 Stlth+}
  4352 | D:10     | Entered Level 10 of the Dungeon
  4354 | D:10     | Noticed Joseph
  4361 | D:10     | Killed Joseph
  4362 | D:10     | Reached skill level 5 in Dodging
  4363 | D:10     | Noticed Maggie
  4422 | D:10     | Killed Maggie
  4423 | D:10     | Reached XP level 11. HP: 64/65 MP: 0/0
  4423 | D:10     | Learned a level 4 spell: Dispel Undead
  4437 | D:10     | Reached skill level 1 in Shields
  4442 | D:10     | Reached *** piety under Makhleb
  4714 | D:10     | Found a staircase to the Lair.
  4719 | Lair:1   | Entered Level 1 of the Lair of Beasts
  4719 | Lair:1   | Found a frozen archway.
  4727 | Lair:1   | Reached skill level 5 in Shields
  4806 | Lair:2   | Noticed a skyshark
  4821 | Lair:2   | Identified the +1 cloak "Utetyoq" {Int+5 Dex-4 Stlth+}
  4824 | Lair:2   | Killed a skyshark
  4850 | Lair:2   | Reached skill level 1 in Armour
  4921 | Lair:3   | Reached XP level 12. HP: 70/70 MP: 0/0
  4957 | Lair:3   | Reached **** piety under Makhleb
  5020 | Lair:3   | Reached skill level 5 in Armour
  5123 | Lair:3   | Found a hole to the Spider Nest.
  5314 | Lair:4   | Noticed a skyshark
  5334 | Lair:4   | Killed a skyshark
  5344 | Lair:4   | Noticed a six-headed hydra
  5354 | Lair:4   | Killed a six-headed hydra
  5355 | Lair:4   | Reached skill level 10 in Dodging
  5548 | Lair:5   | Entered Level 5 of the Lair of Beasts
  5636 | Lair:4   | Reached skill level 5 in Fighting
  5669 | Lair:4   | Reached XP level 13. HP: 58/89 MP: 0/0
  5669 | Lair:4   | Learned a level 5 spell: Metabolic Englaciation
  5678 | Lair:4   | Identified the +2 helmet "Ihumi" {Rampage rC+}
  5784 | Lair:5   | Noticed a catoblepas
  5798 | Lair:5   | Killed a catoblepas
  5889 | Lair:5   | Reached ***** piety under Makhleb
  5949 | Lair:5   | Noticed Nessos
  5970 | Lair:5   | Killed Nessos
  6016 | Lair:5   | Noticed Josephine
  6023 | Lair:5   | Killed Josephine
  6040 | Lair:5   | Reached XP level 14. HP: 96/96 MP: 0/0
  6216 | Lair:5   | Got an earthy gem with 2268 turns to spare
  6329 | Lair:4   | Reached skill level 15 in Spellcasting
  6329 | Lair:4   | Reached skill level 15 in Conjurations
  6329 | Lair:4   | Reached skill level 15 in Hexes
  6329 | Lair:4   | Reached skill level 15 in Summonings
  6329 | Lair:4   | Reached skill level 15 in Necromancy
  6329 | Lair:4   | Reached skill level 15 in Translocations
  6329 | Lair:4   | Reached skill level 15 in Fire Magic
  6329 | Lair:4   | Reached skill level 15 in Ice Magic
  6329 | Lair:4   | Reached skill level 15 in Air Magic
  6329 | Lair:4   | Reached skill level 15 in Earth Magic
  6329 | Lair:4   | Reached skill level 15 in Alchemy
  6426 | Lair:4   | Found a staircase to the Slime Pits.
  6756 | Lair:1   | Identified the +1 robe of Miadaan {*Corrode rElec Str+4
                  | Int-2}
  6869 | Orc:1    | Entered Level 1 of the Orcish Mines
  6895 | Orc:1    | Noticed Sonja
  6909 | Orc:1    | Killed Sonja
  6914 | Orc:1    | Identified the +2 spear "Opoot" {drain, +Blink Fly Str+3}
  7074 | Orc:1    | Reached ****** piety under Makhleb
  7375 | Orc:2    | Entered Level 2 of the Orcish Mines
  7698 | Orc:2    | Reached XP level 15. HP: 101/101 MP: 0/0
  7698 | Orc:2    | Learned a level 6 spell: Gell's Gavotte
  7884 | Orc:2    | Found a staircase to the Elven Halls.
  8081 | Orc:2    | Found a roughly hewn altar of Beogh.
  8177 | Orc:2    | Found Ikkas's Weapon Emporium.
  8191 | Orc:2    | Found Xuyxko's Distillery.
  8195 | Orc:2    | Bought a potion of invisibility for 104 gold pieces
  8195 | Orc:2    | Bought a potion of mutation for 104 gold pieces
  8195 | Orc:2    | Bought a potion of curing for 39 gold pieces
  8195 | Orc:2    | Bought a potion of curing for 39 gold pieces
  8195 | Orc:2    | Bought a potion of curing for 39 gold pieces
  8206 | Orc:2    | Noticed an orc warlord
  8212 | Orc:2    | Killed an orc warlord
  8286 | Orc:2    | Noticed an orc warlord
  8287 | Orc:2    | Found a roughly hewn altar of Beogh.
  8297 | Orc:2    | Killed an orc warlord
  8349 | Orc:2    | Found Foistrobu's Antique Armour Shop.
  8383 | Orc:2    | Found Roodeps's General Store.
  8751 | D:11     | Identified a scroll of acquirement
  8751 | D:11     | Acquired 793 gold pieces
  8889 | D:11     | Found Osojoh's Distillery.
  8892 | D:11     | Bought 2 potions of mutation for 224 gold pieces
  8892 | D:11     | Bought a potion of heal wounds for 70 gold pieces
  8892 | D:11     | Bought a potion of ambrosia for 112 gold pieces
  8892 | D:11     | Bought a potion of ambrosia for 112 gold pieces
  8892 | D:11     | Bought a potion of curing for 42 gold pieces
  8892 | D:11     | Bought a potion of curing for 42 gold pieces
  8892 | D:11     | Bought a potion of curing for 42 gold pieces
  8892 | D:11     | Found Foinuelo's Antique Weapon Shop.
  9528 | D:12     | Noticed Snorg
  9545 | D:12     | Killed Snorg
  9552 | D:12     | Reached XP level 16. HP: 41/107 MP: 0/0
  9807 | D:13     | Found Obam's Gadget Gallery.
  9812 | D:13     | Bought a wand of roots (4) for 134 gold pieces
  9812 | D:13     | Bought a phantom mirror for 560 gold pieces
 10015 | D:14     | Found a gate to the Vaults.
 10064 | D:15     | Entered Level 15 of the Dungeon
 10109 | D:15     | Found a staircase to the Depths.
 10145 | D:15     | Got a smoky gem with 2534 turns to spare
 10219 | D:15     | Found a shimmering altar of Xom.
 10331 | D:15     | Identified the +1 cloak of Whack-A-Mole {rF++}
 10787 | D:11     | Found a runed translucent gate.
 10787 | D:11     | Found a runed translucent gate.
 10787 | D:11     | Found a runed translucent gate.
 10806 | D:11     | Noticed Etrinav's ghost (journeyman DrSh)
 10814 | D:11     | Killed Etrinav's ghost
 10842 | D:11     | Found Yrpho's Distillery.
 10848 | D:11     | Bought a potion of brilliance for 48 gold pieces
 10848 | D:11     | Bought a potion of resistance for 120 gold pieces
 11663 | Lair:3   | Found a staircase to the Swamp.
 11677 | Swamp:1  | Entered Level 1 of the Swamp
 11688 | Swamp:1  | Reached XP level 17. HP: 105/112 MP: 0/0
 11688 | Swamp:1  | Learned a level 6 spell: Plasma Beam
 11711 | Swamp:1  | Noticed a thorn hunter
 11713 | Swamp:1  | Killed a thorn hunter
 11928 | Swamp:4  | Entered Level 4 of the Swamp
 12334 | Swamp:4  | Noticed a thorn hunter
 12336 | Swamp:4  | Killed a thorn hunter
 12398 | Swamp:4  | Noticed a thorn hunter
 12401 | Swamp:4  | Killed a thorn hunter
 12403 | Swamp:4  | Reached XP level 18. HP: 118/118 MP: 0/0
 12410 | Swamp:4  | Got a mossy gem with 1069 turns to spare
 12413 | Swamp:4  | Got a decaying rune of Zot
 12775 | Spider:1 | Entered Level 1 of the Spider Nest
 12797 | Spider:1 | Noticed Agnes
 12807 | Spider:1 | Killed Agnes
 13019 | Spider:4 | Entered Level 4 of the Spider Nest
 13080 | Spider:4 | Reached XP level 19. HP: 118/122 MP: 0/0
 13080 | Spider:4 | Learned a level 6 spell: Eringya's Noxious Bog
 13090 | Spider:4 | Reached skill level 10 in Armour
 13100 | Spider:4 | Noticed Arachne
 13119 | Spider:4 | Killed Arachne
 13520 | Spider:4 | Got a gossamer rune of Zot
 13529 | Spider:4 | Got a milky-white gem with 1643 turns to spare
 13612 | Spider:1 | Identified the +1 pair of boots "Ogerr" {Fly Will- Str+3
                  | Int+3 Dex+4}
 13804 | Elf:1    | Entered Level 1 of the Elven Halls
 14000 | Elf:1    | Found a transporter.
 14000 | Elf:1    | Found a transporter.
 14119 | Elf:1    | Identified the +2 pair of gloves of the Wumpus {rN+++ Int+2
                  | Dex-5}
 14135 | Elf:1    | Identified the staff of Rari {rN+ Int+3 Necro}
 14164 | Elf:1    | Found Cuda's Assorted Antiques.
 14177 | Elf:1    | Bought a fading leather armour for 273 gold pieces
 14177 | Elf:1    | Identified the +1 leather armour of Biame {rC++} (You
                  | bought it in a shop on level 1 of the Elven Halls)
 14229 | Elf:1    | Noticed Azrael
 14235 | Elf:1    | Killed Azrael
 14393 | Elf:1    | Noticed Jorgrun
 14404 | Elf:1    | Killed Jorgrun
 14404 | Elf:1    | Found Igre Ytu's Antique Armour Shop.
 14404 | Elf:1    | Found Aptialee's Distillery.
 14407 | Elf:1    | Found Saavath's Antique Armour Boutique.
 14411 | Elf:1    | Found Woattim's Armour Shop.
 14414 | Elf:1    | Bought a potion of curing for 45 gold pieces
 14414 | Elf:1    | Bought a potion of mutation for 120 gold pieces
 14422 | Elf:1    | Bought a pair of smoking gloves for 190 gold pieces
 14422 | Elf:1    | Identified the +0 pair of gloves of the Sunfish {Str+6}
                  | (You bought it in a shop on level 1 of the Elven Halls)
 14625 | Elf:2    | Reached skill level 15 in Dodging
 14629 | Elf:2    | Found a transporter.
 14633 | Elf:2    | Noticed a deep elf blademaster
 14636 | Elf:2    | Found a bloodstained altar of Trog.
 14636 | Elf:2    | Found a transporter.
 14663 | Elf:2    | Noticed rotlqkf's ghost (adept DECj)
 14664 | Elf:2    | Noticed a deep elf blademaster
 14797 | Elf:3    | Entered Level 3 of the Elven Halls
 14910 | Elf:3    | Found Jeon's Weapon Shop.
 14964 | Elf:3    | Reached XP level 20. HP: 129/129 MP: 0/0
 15049 | Elf:3    | Identified the maw talisman of Fortification {Stlth+}
 15357 | Elf:3    | Reached skill level 10 in Fighting
 15359 | Elf:3    | Identified the ring of the Ten Runes {rCorr SInv}
 15423 | Elf:3    | Identified the +4 ring mail "Vahah" {-Tele rF+ Str+2 Int+3}
 15465 | Elf:3    | Identified the orb "Rouzikk" {guile, +Inv rElec Dex+8
                  | Slay-4}
 15469 | Elf:3    | Got a shimmering gem with 135 turns to spare
 15487 | Elf:3    | Acquired 1325 gold pieces
 15495 | Elf:3    | Identified the +3 pearl dragon scales of Xuuzorui {rElec
                  | rN+ Regen+ Dex+3}
 15529 | Elf:3    | Found the +0 pair of gloves of the gadgeteer {Gadgeteer
                  | Wandboost ^Fragile}
 15533 | Elf:3    | Identified the +5 rapier of Cheibriados, Telling {freeze,
                  | Fly Str+3}
 15575 | Elf:3    | Identified the +5 great sword of Holaihic {drain, rElec
                  | Str+3 SInv}
 15991 | Vaults:1 | Entered Level 1 of the Vaults
 16369 | Vaults:1 | Identified the serpent talisman of Snakes and Ladders
                  | {Int+2}
 16369 | Vaults:1 | Noticed Aizul
 16372 | Vaults:1 | Killed Aizul
 16373 | Vaults:1 | Reached XP level 21. HP: 149/149 MP: 0/0
 16373 | Vaults:1 | Learned a level 7 spell: Orb of Destruction
 16487 | Depths:1 | Entered Level 1 of the Depths
 16548 | Depths:1 | Found a shadowy altar of Dithmenos.
 16745 | Depths:1 | Found Afaviw's One-of-a-Kind Rings.
 16753 | Depths:1 | Bought the ring of the Hart {MP+14 Int+6 Slay+3} for 1530
                  | gold pieces
 16760 | Depths:1 | Found a transporter.
 16798 | Depths:1 | Found a one-way gate leading to the halls of Pandemonium.
 16991 | Depths:1 | Found a gateway to Hell.
 17055 | Depths:2 | Noticed a caustic shrike
 17067 | Depths:2 | Killed a caustic shrike
 17129 | Depths:2 | Identified the ring of Fesem {rPois rF+ Dex-2 SInv}
 17131 | Depths:2 | Identified the +8 mace of the Crawling Thing {speed, rF-
                  | rC- rN+++ Dex+7}
 17143 | Depths:2 | Noticed a caustic shrike
 17150 | Depths:2 | Killed a caustic shrike
 17233 | Depths:2 | Found Vashrust's Antique Armour Shoppe.
 17237 | Depths:2 | Found a one-way gate to the infinite horrors of the Abyss.
 17243 | Depths:2 | Found Meqidihu's General Store.
 17291 | Depths:2 | Noticed a golden dragon
 17301 | Depths:2 | Killed a golden dragon
 17321 | Depths:2 | Found Polaerr's Antique Weapon Emporium.
 17659 | Depths:3 | Identified the +3 robe "Fihiutet" {+Blink rF- Int+6
                  | Archmagi}
 17659 | Depths:3 | Noticed Boris
 17723 | Depths:3 | Killed Boris
 17916 | Depths:3 | Reached skill level 15 in Armour
 17919 | Depths:3 | Reached XP level 22. HP: 158/158 MP: 0/0
 17924 | Depths:3 | Noticed a golden dragon
 17934 | Depths:3 | Killed a golden dragon
 18085 | Depths:3 | Found a one-way gateway to a ziggurat.
 18248 | Depths:4 | Entered Level 4 of the Depths
 18405 | Depths:4 | Noticed a golden dragon
 18421 | Depths:4 | Killed a golden dragon
 18919 | Depths:4 | Found a gate to the Realm of Zot.
 18927 | Depths:4 | Got a midnight gem with 563 turns to spare
 18959 | Depths:4 | Reached XP level 23. HP: 149/164 MP: 0/0
 18959 | Depths:4 | Learned a level 7 spell: Haunt
 19386 | Vaults:2 | Identified the flux talisman of the Sailor {+Blink rF++
                  | Str-5 Int+4}
 19509 | Vaults:2 | Found Baqu's Armour Emporium.
 19571 | Vaults:3 | Noticed Norris
 19577 | Vaults:3 | Killed Norris
 20392 | Vaults:4 | Found Guosore's General Store.
 20400 | Vaults:4 | Bought a potion of curing for 66 gold pieces
 20408 | Vaults:4 | Found a magical portal.
 20417 | WizLab   | Entered Cigotuvi's Fleshworks
 20458 | WizLab   | Gained mutation: You are dopey. (Int -2) [potion of
                  | mutation]
 20458 | WizLab   | Gained mutation: A frigid envelope surrounds you and
                  | freezes all who hurt you. [potion of mutation]
 20459 | WizLab   | Lost mutation: A frigid envelope surrounds you and freezes
                  | all who hurt you. [potion of mutation]
 20459 | WizLab   | Lost mutation: You are dopey. (Int -2) [potion of mutation]
 20459 | WizLab   | Gained mutation: You are partially covered in iridescent
                  | scales. (AC +2) [potion of mutation]
 20459 | WizLab   | Gained mutation: You are mostly covered in iridescent
                  | scales. (AC +4) [potion of mutation]
 20580 | WizLab   | Found the +4 Cigotuvi's embrace {Corpsefed rMiasma ^Drain
                  | rN+}
 20636 | WizLab   | Reached XP level 24. HP: 170/170 MP: 0/0
 20652 | WizLab   | Identified the serpent talisman "Uvim Jayh" {Int+5 Stlth-}
 20655 | WizLab   | Identified the serpent talisman of Foolhardiness {Will-
                  | Int+5}
 21006 | Vaults:4 | Found Buvuroung's Assorted Antiques.
 21009 | Vaults:4 | Bought a potion of curing for 72 gold pieces
 21043 | Vaults:4 | Found a transporter.
 21043 | Vaults:4 | Found Wutigori's Assorted Antiques.
 21070 | Vaults:4 | Found a transporter.
 21078 | Vaults:4 | Bought a potion of mutation for 192 gold pieces
 21078 | Vaults:4 | Bought a potion of curing for 72 gold pieces
 21078 | Vaults:4 | Bought a potion of curing for 72 gold pieces
 21169 | Vaults:4 | Found Selaneir's Book Emporium.
 21506 | Vaults:5 | Entered Level 5 of the Vaults
 21523 | Vaults:5 | Noticed an ancient lich
 21526 | Vaults:5 | Identified the ring "Cietzios" {rC+ Int+6 Dex+2}
 21533 | Vaults:5 | Killed an ancient lich
 21713 | Vaults:5 | Identified the ring of Hovuon Acru {MP+9 Dex+2}
 21727 | Vaults:5 | Noticed a golden dragon
 21757 | Vaults:5 | Killed a golden dragon
 21816 | Vaults:5 | Identified the ring "Vyluhiq" {rF+ rN+ Int+4}
 21819 | Vaults:5 | Reached XP level 25. HP: 83/175 MP: 0/0
 21819 | Vaults:5 | Learned a level 9 spell: Death's Door
 22014 | Vaults:5 | Got a silver rune of Zot
 22016 | Vaults:5 | Got a shining gem with 952 turns to spare
 22027 | Vaults:5 | Identified the +1 helmet "Elom" {+Inv SInv}
 22236 | Vaults:5 | Found Bouf's Book Shop.
 22316 | Vaults:5 | Identified the +0 scale mail "Ugoyse" {rElec Dex+2}
 22318 | Vaults:5 | Identified the +10 broad axe of Ycke {protect, rPois Int+4}
 22994 | Vaults:4 | Found Zeudol's Book Shop.
 23289 | Vaults:3 | Identified the +3 mace of Poverty {flame, rPois rF- MP+9}
 23345 | Vaults:3 | Found a roughly hewn altar of Beogh.
 23601 | Vaults:2 | Found a staircase to the Crypt.
 24503 | Zig:1    | Entered Level 1 of a ziggurat
 24520 | Zig:2    | Entered Level 2 of a ziggurat
 24555 | Zig:3    | Entered Level 3 of a ziggurat
 24591 | Zig:4    | Entered Level 4 of a ziggurat
 24595 | Zig:4    | Noticed Nadi the pandemonium lord
 24611 | Zig:4    | Killed Nadi the pandemonium lord
 24634 | Zig:5    | Entered Level 5 of a ziggurat
 24639 | Zig:5    | Noticed a dread lich
 24646 | Zig:5    | Killed a dread lich
 24663 | Zig:6    | Entered Level 6 of a ziggurat
 24670 | Zig:6    | Noticed a shard shrike
 24675 | Zig:6    | Killed a shard shrike
 24695 | Zig:6    | Identified the +1 robe of the Ageing Gods {rElec rCorr
                  | MP+9}
 24724 | Zig:7    | Entered Level 7 of a ziggurat
 24736 | Zig:7    | Reached XP level 26. HP: 182/182 MP: 0/0
 24779 | Zig:8    | Entered Level 8 of a ziggurat
 24788 | Zig:8    | Paralysed by accursed screaming for 1 turns
 24809 | Zig:8    | Identified the +3 ring mail of Sin {-Tele Will++ rCorr
                  | SInv}
 24811 | Zig:8    | Reached XP level 27. HP: 187/187 MP: 0/0
 24811 | Zig:8    | Learned a level 9 spell: Chain Lightning
 24818 | Zig:9    | Entered Level 9 of a ziggurat
 24832 | Zig:9    | Acquired 860 gold pieces
 24846 | Zig:9    | Identified the staff "Secoab" {rN+ Earth Alchemy}
 24849 | Zig:9    | Identified the +10 quarterstaff of Hergh {chaos, Str+5
                  | Dex+2}
 24854 | Zig:10   | Entered Level 10 of a ziggurat
 24861 | Zig:10   | Noticed a Killer Klown
 24861 | Zig:10   | Noticed a Killer Klown
 24861 | Zig:10   | Noticed a Killer Klown
 24861 | Zig:10   | Noticed a Killer Klown
 24862 | Zig:10   | Noticed a Killer Klown
 24864 | Zig:10   | Killed a Killer Klown
 24864 | Zig:10   | Killed a Killer Klown
 24864 | Zig:10   | Killed a Killer Klown
 24864 | Zig:10   | Killed a Killer Klown
 24865 | Zig:10   | Reached skill level 27 in Earth Magic
 24866 | Zig:10   | Reached skill level 27 in Spellcasting
 24866 | Zig:10   | Reached skill level 27 in Conjurations
 24866 | Zig:10   | Reached skill level 27 in Hexes
 24866 | Zig:10   | Reached skill level 27 in Summonings
 24866 | Zig:10   | Reached skill level 27 in Necromancy
 24866 | Zig:10   | Reached skill level 27 in Translocations
 24866 | Zig:10   | Reached skill level 27 in Fire Magic
 24866 | Zig:10   | Reached skill level 27 in Ice Magic
 24866 | Zig:10   | Reached skill level 27 in Air Magic
 24866 | Zig:10   | Reached skill level 27 in Alchemy
 24867 | Zig:10   | Killed a Killer Klown
 24879 | Zig:10   | Identified the staff "Rirghyvu" {rN+ Will- Int+6 Stlth+
                  | Hexes Necro}
 24907 | Zig:11   | Entered Level 11 of a ziggurat
 24913 | Zig:11   | Noticed Ularawki the pandemonium lord
 24916 | Zig:11   | Killed Ularawki the pandemonium lord
 24940 | Zig:11   | Identified the +8 shadow dragon scales of Twilight {Rampage
                  | +Inv rPois rC++ Stlth++++}
 24960 | Zig:12   | Entered Level 12 of a ziggurat
 24969 | Zig:12   | Reached skill level 15 in Fighting
 24996 | Zig:12   | Identified the +2 robe "Vucs" {Rampage Dex+3}
 25000 | Zig:12   | Identified the ring "Jaanliag" {rF++ rCorr Int+4}
 25008 | Zig:12   | Identified the +2 halberd of Cowardice {heavy, rElec rN+
                  | Stlth-}
 25012 | Zig:12   | Identified the +5 scimitar of Calamity {holy, rPois rC+ rN+
                  | Int+3}
 25014 | Zig:13   | Entered Level 13 of a ziggurat
 25022 | Zig:13   | Noticed Tibbeudu's ghost (legendary DjCj)
 25024 | Zig:13   | Noticed Tanach's ghost (legendary CoCK)
 25029 | Zig:13   | Killed Tanach's ghost
 25034 | Zig:13   | Killed Tibbeudu's ghost
 25058 | Zig:13   | Identified the +3 battleaxe "Akaept" {freeze, rN+ Will+}
 25071 | Zig:14   | Entered Level 14 of a ziggurat
 25109 | Zig:14   | Identified the +0 leather armour of a volcano {rElec Str+3
                  | Dex-2}
 25130 | Zig:15   | Entered Level 15 of a ziggurat
 25154 | Zig:15   | Identified the staff of Prudence {rElec Int+3 Dex-3 Earth}
 25168 | Zig:16   | Entered Level 16 of a ziggurat
 25194 | Zig:16   | Identified the ring "Hirofek" {Ice rN+ Will- Int+3}
 25222 | Zig:17   | Entered Level 17 of a ziggurat
 25232 | Zig:17   | Noticed a royal mummy
 25233 | Zig:17   | Noticed a royal mummy
 25234 | Zig:17   | Noticed a royal mummy
 25234 | Zig:17   | Noticed a royal mummy
 25237 | Zig:17   | Killed a royal mummy
 25238 | Zig:17   | Killed by arc of chain lightning

Illustrated notes

Levels and vault maps discovered:
D:1:      grunt_arrival_crossed_arrows, layout_rooms,
          dreamdust_ecumenical_altar_statues, serial_bayou_pond_a,
          roderic_lattice_a, kennysheep_boxes
D:2:      minmay_kobold_bridge, layout_basic, basic_altar
D:3:      layout_basic, cheibriados_altar_1, mainiacjoe_overflow_big_doors,
          minmay_close_crescents
D:4:      layout_basic, nicolae_overflow_two_pavilions, uniq_blork_the_orc,
          uniq_eustachio
D:5:      layout_cave_pods, nicolae_gozag_cash_rules_everything_around_me,
          tso_oasis_becter, minmay_tree_intersection, nrook_mini_backslash,
          nrook_loot_triangle, minivault_25, nicolae_inconvenience_store,
          uniq_menkaure
D:6:      layout_loops_ring, nicolae_uskayaw_en_pointe,
          mainiacjoe_overflow_tiny_flanked,
          grunt_temple_overflow_lords_of_destruction, kennysheep_windowed_goal
D:7:      layout_basic, nicolae_kikubaaqudgha_miasma_corner,
          minmay_temple_entry_waves, uniq_duvessa
D:8:      layout_basic, minmay_crossroads, uniq_jeremiah
D:9:      layout_irregular_city, mainiacjoe_overflow_concentric_impassable,
          hiddenorc1_lemuel
D:10:     layout_cave_pools, lair_entry_dummy, dk_rats_in_the_wall, uniq_joseph,
          uniq_maggie
D:11:     layout_cave_pods, gammafunk_ghost_spectres, serial_shops,
          nicolae_shop_industrial_runoff, nicolae_shop_behind_doors, shop
D:12:     minmay_ambush_box, layout_basic, serial_glass, glass_columns_a,
          glass_columns_a, glass_columns_a, glass_columns_a, disabler_island,
          uniq_snorg
D:13:     layout_stronghold, minivault_22, nicolae_shop_gadgets
D:14:     layout_rooms, hellmonk_vaults_order_and_chaos, nicolae_hexahallways
D:15:     gammafunk_depths_entry_grave, layout_rooms, nrook_campfire,
          serial_demonic, serial_demonic_b, serial_demonic_b, serial_demonic_d,
          serial_demonic_e, serial_demonic_e, serial_demonic_a,
          serial_demonic_c, serial_demonic_g, st_stairs_11, led_xom_imps
Lair:1:   dragon1_lemuel, layout_misc_corridors,
          portal_ice_cave_entry_ice_simulacra
Lair:2:   beast_lair_carwin_large_3, layout_hall_layers,
          infiniplex_staircase_pool_2
Lair:3:   layout_gridlike, nicolae_swamp_entry_splash_gauntlet,
          spider_nest_entry_webs
Lair:4:   layout_regular_city, slime_entry_1, chequers_serial_rivers_small_a,
          minmay_lindwurm_lava
Lair:5:   minmay_lair_end_frog_pond, layout_gridlike,
          chequers_serial_rivers_marsh, lemuel_fruit_tree, uniq_josephine,
          uniq_nessos
Swamp:1:  layout_falls_marsh, evilmike_swamp_ruin_house_2,
          statue_in_the_mist_lemuel
Swamp:2:  layout_basic_swamp, ebering_ghost_inner_flame,
          nicolae_swamp_little_swirl
Swamp:3:  nicolae_swamp_flooded_prison, layout_basic_swamp,
          hangedman_swamp_cone, hangedman_swamp_blocks,
          nicolae_swamp_dense_foliage, nicolae_swamp_long_stream, uniq_donald
Swamp:4:  swamp_basic_johnstein, layout_basic_swamp, swamp_pool_1_2,
          nicolae_swamp_feature_on_the_river_bank, nicolae_swamp_bunyip_nook,
          infiniplex_staircase_pool
Spider:1: layout_spider_delve, uniq_agnes
Spider:2: layout_spider_delve, hangedman_spider_tarantella_strand
Spider:3: layout_cave_pods, gammafunk_ghost_berserking_beasts
Spider:4: grunt_spider_rune_island, nicolae_spider_some_kinda_spiderbox,
          uniq_arachne
Orc:1:    layout_caves, elves_outpost_lemuel, uniq_sonja
Orc:2:    pubby_orc_utopia
Elf:1:    gammafunk_sealed_arena, layout_gridlike, serial_shops, shop,
          basic_altar, guppyfry_elf_altar,
          serial_library_regret_index_branch_corner, minivault_16,
          minmay_shoptagon, uniq_azrael, uniq_jorgrun
Elf:2:    elven_hall_of_blades_hangedman_alternative
          [nicolae_blade_entry_pointy_end], layout_geoelf_octagon,
          gammafunk_ghost_wrathful_warriors, basic_altar
Elf:3:    minmay_elf_hall, layout_loops_ring, serial_shops, shop
Vaults:1: nicolae_vaults_more_shelving_1, nicolae_vaults_yaktaur_gun_rack,
          nicolae_vaults_hexular_roomagon, nicolae_vaults_diamond_2,
          nicolae_vaults_tetromino_T_2, nicolae_vaults_layer_cake_slice,
          nicolae_vaults_diamond_2, nicolae_vaults_angled_halls,
          layout_vaults_quadrants, uniq_aizul
Vaults:2: nicolae_vaults_ellipses_ellipsis, hangedman_vaults_cutoff,
          nicolae_vaults_network_square, nicolae_vaults_stairing_the_circle,
          v_alt_pattern_4, vaults_room_hallway, nicolae_vaults_triangles,
          minmay_crypt_entry_vampire_xt, nicolae_vaults_weapon_check,
          vaults_room_pools, hangedman_vaults_impose, ontoclasm_vaults_shuriken,
          nicolae_vaults_surprise_closet_hard, nicolae_vaults_rhombus_7,
          nicolae_vaults_apartment_1, nicolae_vaults_angled_halls,
          layout_vaults_maze, serial_shops, nicolae_shop_just_a_little_nook
Vaults:3: v_alt_pattern_6, v_alt_pattern_4, vaults_standard_mumra_x,
          nicolae_vaults_specimen_jars, nicolae_vaults_closet_pinwheel_5,
          nicolae_vaults_lightning_bolt, nicolae_vaults_trapezoid_4,
          lightli_church_of_beogh, v_alt_pattern_5,
          nicolae_vaults_little_squares_6, ontoclasm_vaults_fault,
          nicolae_vaults_tetromino_L_1, ontoclasm_vaults_loading_screen,
          nicolae_vaults_diamond_1, vaults_dpeg_encased_lava,
          nicolae_vaults_wrenched, vaults_mumra_hex, nicolae_vaults_trapezoid_2,
          nicolae_vaults_double_plus_1, layout_vaults_ring, uniq_norris
Vaults:4: mu_enter_wizlab_4, vaults_mumra_chevron_long, nicolae_vaults_house_1,
          nicolae_vaults_little_squares_4, nicolae_vaults_network_periphery,
          hangedman_vaults_snaps, serial_library_hellmonk_angled_corner,
          nicolae_vaults_trapezoid_lopsided_4, lightli_orcish_oven,
          ontoclasm_vaults_idyll, ontoclasm_vaults_decontamination,
          layout_vaults_big_room, serial_shops, nicolae_shop_real_fake_doors,
          nicolae_shop_window_shopping, nicolae_shop_drivethru, shop,
          nicolae_shop_window_shopping, uniq_margery
Vaults:5
Depths:1: gammafunk_its_a_trap, layout_honeycomb, lightli_too_deep, pan_entry,
          dk_noncrumbling_3, nicolae_shop_unique_rings, grunt_dithmenos_smoke
Depths:2: minmay_the_grid_square_5x5_4x4
          [minmay_the_grid_square_5x5_beaten_path,
          minmay_the_grid_square_5x5_moneybag,
          minmay_the_grid_square_5x5_shrine2,
          minmay_the_grid_square_5x5_hourglass,
          minmay_the_grid_square_5x5_one_wall,
          minmay_the_grid_square_5x5_prize_snowflake,
          minmay_the_grid_square_5x5_prize_waves,
          minmay_the_grid_square_5x5_comb, minmay_the_grid_square_5x5_n,
          minmay_the_grid_square_5x5_prize_itemx,
          minmay_the_grid_square_5x5_prize_pseudospiral,
          minmay_the_grid_square_5x5_three,
          minmay_the_grid_square_5x5_checkered_sparse,
          minmay_the_grid_square_5x5_broken_cross,
          minmay_the_grid_square_5x5_tri_point,
          minmay_the_grid_square_5x5_percent], layout_cave_pools, abyss_entry,
          serial_shops, shop, shop, shop, rand_demon_pan_entry_4, hell_entry,
          kennysheep_dice
Depths:3: minmay_connected_boxes_in_corner, layout_cave_shapes,
          enter_ziggurat_a, hangedman_abyss_entry_splay,
          chequers_serial_rivers_micro_c, hellmouth_1,
          infiniplex_staircase_door_maze, uniq_boris
Depths:4: grunt_zot_entry_hairpin, layout_small_grid, hell_entry, led_sif_pool,
          abyss_entry, grunt_pan_entry_spiral, amcnicky_mini_pool_small
Zig:17

Skill      XL: |  1  2  3  4  5  6  7  8  9 10 11 12 13 14 15 16 17 18 19 20 21 22 23 24 25 26 27 |
---------------+----------------------------------------------------------------------------------+-----
Spellcasting   | 4 5 6 7 9 11 12 14 16 18 19 21 22 23 24 26 27 | 27.0
Conjurations   | 4 5 6 7 9 11 12 14 16 18 19 21 22 23 24 26 27 | 27.0
Hexes          | 4 5 6 7 9 11 12 14 16 18 19 21 22 23 24 26 27 | 27.0
Summonings     | 4 5 6 7 9 11 12 14 16 18 19 21 22 23 24 26 27 | 27.0
Necromancy     | 4 5 6 7 9 11 12 14 16 18 19 21 22 23 24 26 27 | 27.0
Translocations | 4 5 6 7 9 11 12 14 16 18 19 21 22 23 24 26 27 | 27.0
Fire Magic     | 4 5 6 7 9 11 12 14 16 18 19 21 22 23 24 26 27 | 27.0
Ice Magic      | 4 5 6 7 9 11 12 14 16 18 19 21 22 23 24 26 27 | 27.0
Air Magic      | 4 5 6 7 9 11 12 14 16 18 19 21 22 23 24 26 27 | 27.0
Earth Magic    | 4 5 6 7 9 11 12 14 16 18 19 21 22 23 24 26 27 | 27.0
Alchemy        | 4 5 6 7 9 11 12 14 16 18 19 21 22 23 24 26 27 | 27.0
Dodging        | 6 8 10 15 19 20 | 20.1
Shields        | 8 |  8.0
Armour         | 2 5 9 10 11 15 | 15.0
Fighting       | 6 7 13 14 21 | 21.0
Stealth        | |  1.5

Action                     |  1- 3 |  4- 6 |  7- 9 | 10-12 | 13-15 | 16-18 | 19-21 | 22-24 | 25-27 || total
---------------------------+-------+-------+-------+-------+-------+-------+-------+-------+-------++-------
  Melee: Rapier            |       |       |     2 |       |       |       |       |       |       ||     2
         Falchion          |       |       |       |     4 |    30 |    10 |     1 |       |       ||    45
         Trident           |       |       |       |     1 |       |       |       |       |       ||     1
         Staff             |       |       |       |       |       |       |     3 |     3 |     6 ||    12
   Cast: Magic Dart        |    63 |    14 |    28 |    14 |    13 |     3 |     1 |     1 |       ||   137
         Searing Ray       |     4 |     3 |    36 |    32 |    32 |    12 |     4 |       |       ||   123
         Fulminant Prism   |       |     6 |    19 |    14 |     1 |       |     7 |       |       ||    47
         Iskenderun's Myst |       |       |     8 |    95 |   291 |   249 |   137 |   155 |    24 ||   959
         Tukima's Dance    |       |       |     3 |     5 |    10 |       |     3 |       |       ||    21
         Brom's Barrelling |       |       |       |    17 |     5 |       |     2 |       |       ||    24
         Lesser Beckoning  |       |       |       |     1 |       |       |       |       |       ||     1
         Metabolic Englaci |       |       |       |       |     4 |       |       |       |       ||     4
         Gell's Gavotte    |       |       |       |       |    13 |    12 |     3 |     3 |       ||    31
         Dispel Undead     |       |       |       |       |     7 |    14 |     4 |     1 |       ||    26
         Plasma Beam       |       |       |       |       |       |   175 |   331 |   385 |   197 ||  1088
         Eringya's Noxious |       |       |       |       |       |       |     1 |       |       ||     1
         Orb of Destructio |       |       |       |       |       |       |     3 |     5 |     7 ||    15
         Haunt             |       |       |       |       |       |       |       |     3 |     1 ||     4
         Death's Door      |       |       |       |       |       |       |       |       |     1 ||     1
         Chain Lightning   |       |       |       |       |       |       |       |       |    58 ||    58
 Invoke: Minor Destruction |       |       |       |       |     3 |       |       |       |       ||     3
  Evoke: Wand              |       |       |       |       |     1 |       |       |       |     5 ||     6
         Phantom mirror    |       |       |       |       |       |       |       |       |     1 ||     1
    Use: Scroll            |       |       |     5 |     6 |    15 |     5 |     5 |     6 |     3 ||    45
         Potion            |       |       |       |       |     3 |       |     3 |     4 |     4 ||    14
   Stab: Sleeping          |       |       |       |       |     1 |     1 |     1 |       |       ||     3
         Distracted        |       |       |       |       |       |       |       |       |     1 ||     1
 Armour: Robe              |     2 |     4 |    32 |     3 |       |       |       |       |       ||    41
         Ring mail         |       |       |       |    59 |   105 |   129 |    53 |       |       ||   346
         Pearl dragon scal |       |       |       |       |       |       |    52 |   229 |   144 ||   425
  Dodge: Dodged            |     6 |     5 |    26 |    49 |    94 |    76 |    46 |    66 |    35 ||   403
  Block: Buckler           |       |       |       |    24 |    55 |    64 |    45 |    52 |    33 ||   273
         Reflection        |       |       |       |       |     8 |     9 |    17 |    16 |    14 ||    64

Table legend: (Time is in decaauts)
 A = Elapsed time spent in this place.
 B = Non-inter-level travel time spent in this place.
 C = Inter-level travel time spent in this place.
 D = Time resting spent in this place.
 E = Time spent auto-exploring this place.
 F = Levels seen in this place.
 G = Mean time per level.
                   A        B        C        D        E       F      G
               +--------+--------+--------+--------+--------+-----+--------+
         Total |  25287 |  23039 |   2248 |    377 |  16136 |  60 |  421.5 |
       Dungeon |   7614 |   6786 |    828 |    141 |   5077 |  15 |  507.6 |
          Lair |   2914 |   2597 |    317 |      0 |   1654 |   5 |  582.8 |
         Swamp |   1034 |    913 |    121 |      0 |    659 |   4 |  258.5 |
   Spider Nest |    854 |    760 |     94 |      5 |    389 |   4 |  213.5 |
  Orcish Mines |   1753 |   1542 |    211 |      0 |   1123 |   2 |  876.5 |
   Elven Halls |   1990 |   1891 |     99 |     47 |   1208 |   3 |  663.3 |
        Vaults |   5189 |   4811 |    378 |    130 |   3637 |   5 | 1037.8 |
        Depths |   2656 |   2457 |    199 |     30 |   1875 |   4 |  664.0 |
      Ziggurat |    737 |    737 |      0 |     24 |    164 |  17 |   43.4 |
        Wizlab |    544 |    544 |      0 |      0 |    350 |   1 |  544.0 |
               +--------+--------+--------+--------+--------+-----+--------+

Top non-repeatable levels by time:
   Orc:2: 1217 daAuts
Vaults:3: 1172 daAuts
Vaults:4: 1163 daAuts
Vaults:5: 1002 daAuts
Vaults:2: 948 daAuts
Vaults:1: 902 daAuts
   Elf:3: 875 daAuts
     D:9: 867 daAuts
  Lair:4: 805 daAuts
     D:8: 801 daAuts
Depths:4: 794 daAuts
   Elf:1: 794 daAuts
  Lair:2: 756 daAuts
    D:12: 735 daAuts
    D:11: 733 daAuts
